Map: Mist Opportunities

Players

AdaWang

  • Race: Zerg Zerg
  • Spawn Location: 6:00

Xaeric

  • Race: Zerg Zerg

VOD

Have the link to the VOD?

Description

Time

  • Played on: Aug. 25, 2025, 1:10 p.m.
  • Length: 30:10
Show
View Real Time Build Order
Export as new Build Order

AdaWang Zerg 

Build Orders:  

Get SALT Encoding   

  12  0:03  Drone  
  13  0:14  Drone  
  14  0:24  Overlord  
  14  0:34  Extractor  
  14  0:35  Extractor, Drone  
  13  0:44  Drone  
  14  0:53  Drone  
  14  0:55  Drone  
  16  1:11  Drone  
  16  1:12  Drone  
  18  1:20  Drone  
  18  1:27  Drone  
  18  1:29  Drone  
  21  1:34  Drone  
  22  1:55  Roach Warren, Drone  
  22  2:11  Lair  
  22  2:17  Overlord  
  22  2:37  Drone  
  22  2:47  Infestation Pit  
  21  3:13  Swarm Host x2  
  21  3:19  Drone x2  
  28  3:21  Drone  
  28  3:25  Drone  
  30  3:42  Overlord x2  
  30  4:04  Evolution Chamber  
  29  4:16  Hive  
  29  4:36  Drone  
  29  4:37  Drone  
  29  4:38  Drone x5  
  36  5:11  Drone x4  
  36  5:12  Drone  
  41  5:41  Drone x3  
  41  5:42  Drone  
  45  5:51  Drone  
  46  6:02  Pressurized Glands  
  46  6:23  Hatchery  
  46  6:25  Drone  
  46  6:30  Extractor  
  46  6:35  Drone  
  46  6:40  Deep Tunnel  
  46  6:49  Extractor  
  45  6:51  Drone  
  45  6:54  Unknown  
  46  7:37  Swarm Host  
  46  7:38  Swarm Host  
  46  7:39  Overlord x2  
  52  7:43  Overlord x3  
  52  7:44  Overlord  
  52  7:48  Zerg Missile Weapons Level 1  
  52  8:32  Overseer x2  
  52  8:51  Swarm Host x3  
  52  8:52  Swarm Host  
  52  8:53  Zerg Missile Weapons Level 2  
  64  9:54  Swarm Host x2  
  64  9:55  Swarm Host x2  
  76  10:02  Overseer x2  
  76  10:34  Overseer  
  76  10:35  Overseer  
  76  10:36  Zerg Missile Weapons Level 3  
  76  10:38  Overlord x4  
  76  10:39  Overlord x4  
  76  11:26  Overlord x2  
  76  11:27  Overlord x3  
  76  12:02  Swarm Host x3  
  76  12:03  Swarm Host  
  88  12:51  Swarm Host x2  
  88  12:52  Swarm Host x2  
  100  13:54  Swarm Host  
  100  13:55  Swarm Host x3  
  100  13:59  Swarm Host x4  
  112  14:54  Swarm Host x4  
  112  16:17  Swarm Host x4  
  112  16:18  Swarm Host x4  
  136  18:05  Swarm Host  
  136  18:06  Swarm Host x6  
  136  18:07  Swarm Host  
  160  18:21  Drone x3  
  160  18:24  Drone  
  160  18:25  Drone x2  
  160  18:27  Drone x2  
  160  18:28  Drone  
  169  18:30  Drone  
  169  18:33  Drone x3  
  169  18:36  Drone  
  174  19:25  Spore Crawler  
  174  19:27  Spore Crawler  
  174  19:28  Spore Crawler x2  
  170  19:42  Spore Crawler  
  170  19:45  Spore Crawler  
  170  19:46  Spore Crawler  
  167  19:50  Spore Crawler  
  167  19:51  Spore Crawler  
  167  19:53  Swarm Host x8, Spore Crawler  
  164  20:36  Swarm Host  
  164  20:37  Swarm Host x4  
  164  20:38  Swarm Host x3  
  188  21:02  Spore Crawler  
  188  21:06  Spore Crawler  
  188  21:08  Spore Crawler  
  188  21:09  Spore Crawler  
  184  21:51  Spore Crawler  
  184  21:53  Spore Crawler  
  184  21:57  Spore Crawler x2  
  180  22:29  Spore Crawler  
  179  22:30  Spore Crawler x2  
  179  22:34  Spore Crawler  
  176  23:49  Viper x2  
  176  23:53  Spire  
  175  24:00  Spire  
  180  24:12  Mutalisk  
  180  24:13  Mutalisk x6  
  194  24:21  Mutalisk  
  196  24:55  Paralytic Barbs  
  196  25:07  Virulent Microbes  
  196  25:12  Mutalisk x3  
  196  25:17  Mutalisk  
  196  25:19  Mutalisk  
  200  25:40  Leviathan x3  
  200  26:43  Vicious Glave, Rapid Regeneration  
  200  26:50  Zerg Ground Armor Level 1  
  200  27:07  Sundering Glave  
  200  27:19  Zerg Flyer Weapons Level 1  
  200  28:27  Zerg Flyer Weapons Level 2, Zerg Flyer Armor Level 1  
  200  28:30  Zerg Ground Armor Level 2  
Show
View Real Time Build Order
Export as new Build Order

Xaeric Zerg 

Build Orders:  

Get SALT Encoding   

  12  0:03  Drone  
  13  0:10  Drone  
  14  0:21  Overlord  
  14  0:26  Extractor  
  14  0:28  Drone  
  14  0:35  Extractor  
  14  0:37  Drone  
  14  0:46  Drone  
  14  0:47  Drone  
  16  0:58  Drone x2  
  18  1:05  Drone  
  19  1:25  Spawning Tool  
  18  1:49  Zergling x4  
  18  1:50  Zergling x2  
  21  2:30  Infestation Pit  
  21  2:32  Overlord  
  21  2:33  Drone  
  21  2:35  Drone  
  22  3:46  Hatchery  
  22  3:47  Drone  
  22  3:48  Drone x2  
  25  4:00  Drone x3  
  27  4:16  Drone  
  27  4:17  Drone x2  
  30  4:29  Drone  
  31  4:47  Extractor  
  31  4:49  Extractor  
  29  5:10  Drone  
  29  5:11  Drone x3  
  29  5:13  Overlord  
  33  5:21  Drone  
  33  5:23  Drone  
  35  5:30  Evolution Chamber  
  35  5:33  Evolution Chamber  
  35  5:34  Hydralisk Den  
  35  5:36  Ultralisk Cavern  
  31  5:47  Drone x3  
  31  5:48  Drone  
  35  5:51  Drone x2  
  35  5:52  Drone  
  35  5:56  Drone x2  
  35  5:59  Drone x2  
  37  6:00  Drone  
  42  6:02  Overlord  
  43  6:50  Drone x3  
  43  6:51  Drone  
  43  6:54  Drone x2  
  43  6:55  Drone x2  
  43  6:58  Overlord x2  
  51  7:00  Overlord x2  
  51  7:07  Hardened Ergonergy Shield  
  51  7:10  Zerg Melee Weapons Level 1  
  51  7:12  Zerg Missile Weapons Level 1, Zerg Ground Armor Level 1  
  51  7:14  Erudition Missile Launchers  
  51  7:15  Electrostatic Surprise  
  51  7:17  Muscular Augments  
  51  7:24  Zergling  
  51  7:27  Zergling  
  50  8:02  Hydralisk  
  50  8:05  Ultralisk  
  50  8:07  Zergling x4  
  50  8:08  Zergling x4  
  62  8:13  Overlord  
  62  8:14  Zergling x4  
  62  8:15  Zergling x6  
  62  8:16  Zergling x2  
  68  8:32  Metabolic Boost  
  68  8:34  Adrenal Glands  
  68  8:48  Hydralisk  
  68  8:49  Hydralisk x4  
  77  9:08  Mecha Mooch Module  
  77  9:27  Chitanium Plating  
  77  10:16  Ultralisk  
  77  10:17  Ultralisk  
  89  10:21  Overlord x3, Zergling x2  
  89  10:22  Zergling x2  
  91  11:13  Super Gary  
  91  11:16  Zergling x2  
  91  11:18  Ultralisk  
  98  11:23  Zergling x10  
  98  11:24  Zergling x10  
  98  11:28  Drone  
  109  12:03  Overlord  
  109  12:04  Overlord x4  
  109  12:05  Overlord x2  
  109  12:10  Spine Crawler  
  109  12:13  Drone x2  
  109  12:14  Drone x2  
  112  13:25  Hydralisk  
  112  13:26  Hydralisk x11  
  134  14:50  Zerg Melee Weapons Level 2  
  134  14:51  Zerg Ground Armor Level 2, Zerg Missile Weapons Level 2  
  134  14:54  Spine Crawler  
  134  14:56  Spine Crawler  
  134  14:57  Spine Crawler, UMI-C Charging Protocol  
  134  14:59  Tyr-Class Targeting System  
  131  15:00  Spore Crawler  
  130  15:35  Zergling  
  130  17:38  Spine Crawler  
  130  17:43  Drone  
  130  17:44  Drone x3  
  130  17:45  Drone  
  130  17:47  Ultralisk x3  
  130  17:48  Ultralisk x3  
  130  17:49  Overlord  
  171  17:52  Spine Crawler  
  171  18:03  Spine Crawler  
  171  19:09  Spine Crawler  
  170  19:10  Spine Crawler  
  170  19:12  Spine Crawler  
  170  19:13  Spine Crawler, Spore Crawler  
  166  20:30  Zergling x2  
  166  20:31  Zergling x6  
  160  21:50  Drone x3  
  160  21:51  Drone x3  
  160  21:54  Hydralisk x2  
  160  21:55  Hydralisk x4  
  160  21:57  Zerg Melee Weapons Level 3, Zerg Ground Armor Level 3, Zerg Missile Weapons Level 3  
  178  22:45  Spore Crawler  
  178  22:48  Spine Crawler  
  176  22:50  Spore Crawler  
  176  22:52  Spore Crawler  
  176  22:56  Spore Crawler  
  176  22:57  Spore Crawler  
  172  23:07  Ultralisk  
  178  23:10  Overlord  
  178  23:11  Overlord x10  
  178  23:49  Pneumatized Carapace  
Tags
 
Add a new tag
Caveats
  • Supply blocks, unpowered buildings, or Contaminate may cause inaccurate times.
  • Supply counts are checked every 10 seconds.